General information
- name: BNet
- type: Ladder team game (AT/RT)
- host: Battle.net
- saver: Blcklivsdntmatr
map: Deadlands
- players: 8
- length: 54:29
- speed: Fast
- version: 1.26 W3XP
- replay type: Public
» download(334 KB)
Players
team 1 (loser)
KinDBuD-Puff (
pink | 74 APM | 4022 actions | 54:26)
7 Archmage
3 Summon Water Elemental
3 Brilliance Aura
1 Mass Teleport
6 Paladin
3 Holy Light
2 Divine Shield
1 Resurrection
7 Mountain King
3 Storm Bolt
3 Bash
1 Avatar
» actions
| Assign group hotkey | 73 | |
| Basic commands | 244 | |
| Build / train | 183 | |
| ESC pressed | 21 | |
| Enter build submenu | 28 | |
| Enter hero's abilities submenu | 22 | |
| Remove unit from queue | 2 | |
| Right click | 1251 | |
| Select / deselect | 1224 | |
| Select group hotkey | 640 | |
| Use ability | 334 | |
4022 total
» units
| Peasant | 18 | |
| Goblin Shredder | 4 | |
| Priest | 10 | |
| Sorceress | 8 | |
| Mortar Team | 11 | |
| Siege Engine | 9 | |
| Flying Machine | 20 | |
| Rifleman | 3 | |
| Spell Breaker | 3 | |
86 total
» upgrades
| Masonry | 6 | |
| Magic Sentry | 1 | |
| Priest Training | 3 | |
| Sorceress Training | 2 | |
| Fragmentation Shards | 1 | |
| Flare | 1 | |
| Gunpowder | 3 | |
| Plating | 3 | |
| Flak Cannons | 1 | |
| Barrage | 1 | |
| Control Magic | 1 | |
23 total
» buildings
| Altar of Kings | 1 | |
| Farm | 18 | |
| Lumber Mill | 1 | |
| Keep | 1 | |
| Town Hall | 5 | |
| Arcane Vault | 3 | |
| Scout Tower | 13 | |
| Guard Tower | 14 | |
| Arcane Tower | 3 | |
| Blacksmith | 1 | |
| Castle | 2 | |
| Arcane Sanctum | 1 | |
| Workshop | 3 | |
66 total
» build order
00:07 Altar of Kings
00:10 Farm
00:11 Farm
01:13 Lumber Mill
03:04 Keep
03:32 Town Hall
03:35 Arcane Vault
03:39 Scout Tower
03:40 Scout Tower
03:41 Scout Tower
03:42 Scout Tower
03:48 Scout Tower
03:49 Scout Tower
03:51 Scout Tower
03:52 Scout Tower
04:11 Guard Tower
04:11 Guard Tower
04:16 Arcane Tower
05:24 Blacksmith
05:25 Arcane Vault
06:03 Castle
06:25 Arcane Sanctum
07:00 Workshop
07:01 Workshop
07:02 Workshop
07:07 Farm
07:07 Farm
07:08 Farm
07:08 Farm
07:09 Farm
07:09 Farm
07:10 Farm
07:10 Farm
08:23 Guard Tower
08:29 Guard Tower
08:30 Guard Tower
08:30 Guard Tower
08:30 Guard Tower
09:02 Guard Tower
09:15 Scout Tower
09:16 Scout Tower
09:17 Scout Tower
09:31 Scout Tower
09:34 Scout Tower
09:46 Arcane Tower
09:47 Guard Tower
10:06 Guard Tower
10:06 Guard Tower
10:06 Guard Tower
10:06 Guard Tower
14:10 Castle
14:17 Arcane Vault
15:24 Farm
15:24 Farm
15:25 Farm
15:26 Farm
15:26 Farm
15:26 Farm
17:13 Town Hall
26:20 Town Hall
34:53 Town Hall
35:49 Town Hall
» items
| Orb of Fire | 4 | |
| Scroll of Town Portal | 4 | |
| Potion of Healing | 1 | |
9 total
hongmylaoto (
red | 38 APM | 1910 actions | 50:17)
7 Blademaster
1 Wind Walk
3 Critical Strike
2 Mirror Image
1 Bladestorm
6 Shadow Hunter
3 Hex
2 Healing Wave
1 Big Bad Voodoo
5 Tauren Chieftain
2 War Stomp
3 Endurance Aura
2 Mountain King
1 Thunder Clap
1 Avatar
» actions
| Assign group hotkey | 34 | |
| Basic commands | 1 | |
| Build / train | 103 | |
| Enter build submenu | 41 | |
| Enter hero's abilities submenu | 21 | |
| Give item / drop item | 9 | |
| Right click | 965 | |
| Select / deselect | 479 | |
| Select group hotkey | 115 | |
| Use ability | 142 | |
1910 total
» units
| Peon | 21 | |
| Grunt | 2 | |
| Troll Headhunter/Berserker | 1 | |
| Wind Rider | 15 | |
| Rifleman | 8 | |
| Peasant | 5 | |
| Raider | 2 | |
54 total
» upgrades
| Ranged Weapons | 2 | |
| Envenomed Spears | 1 | |
| Armor | 1 | |
| Ensnare | 1 | |
| Pillage | 1 | |
6 total
» buildings
| Orc Burrow | 7 | |
| Altar of Storms | 1 | |
| Barracks | 1 | |
| War Mill | 1 | |
| Stronghold | 1 | |
| Great Hall | 7 | |
| Watch Tower | 17 | |
| Beastiary | 2 | |
| Voodoo Lounge | 1 | |
| Fortress | 1 | |
| Spirit Lodge | 1 | |
40 total
» build order
00:26 Orc Burrow
00:37 Altar of Storms
00:52 Barracks
01:36 Orc Burrow
01:57 War Mill
03:04 Stronghold
04:34 Great Hall
04:38 Watch Tower
04:41 Watch Tower
05:28 Beastiary
05:35 Beastiary
05:40 Orc Burrow
06:11 Voodoo Lounge
08:46 Orc Burrow
09:32 Great Hall
11:12 Watch Tower
11:15 Watch Tower
11:16 Watch Tower
11:21 Watch Tower
11:22 Watch Tower
11:37 Watch Tower
11:40 Watch Tower
11:42 Watch Tower
12:16 Watch Tower
12:18 Fortress
14:05 Watch Tower
14:07 Watch Tower
14:08 Watch Tower
14:13 Watch Tower
14:54 Spirit Lodge
15:33 Orc Burrow
18:06 Great Hall
18:09 Watch Tower
18:12 Watch Tower
24:58 Great Hall
32:22 Great Hall
33:30 Orc Burrow
33:33 Orc Burrow
36:47 Great Hall
41:07 Great Hall
» items
| Scroll of Regeneration | 5 | |
| Potion of Mana | 1 | |
| Potion of Healing | 1 | |
| Scroll of Healing | 2 | |
| Scroll of Town Portal | 4 | |
| Orb of Fire | 3 | |
| Potion of Lesser Invulnerability | 1 | |
17 total
warNpeace (
blue | 36 APM | 504 actions | 13:50)
3 Mountain King
2 Storm Bolt
1 Bash
» actions
| Basic commands | 8 | |
| Build / train | 45 | |
| Enter build submenu | 17 | |
| Enter hero's abilities submenu | 3 | |
| Right click | 236 | |
| Select / deselect | 154 | |
| Use ability | 41 | |
504 total
» units
| Peasant | 16 | |
| Footman | 7 | |
| Rifleman | 9 | |
32 total
» upgrades
| Plating | 1 | |
| Gunpowder | 1 | |
| Long Rifles | 1 | |
3 total
» buildings
| Farm | 6 | |
| Altar of Kings | 1 | |
| Barracks | 3 | |
| Lumber Mill | 2 | |
| Town Hall | 2 | |
| Blacksmith | 1 | |
| Scout Tower | 1 | |
| Keep | 1 | |
17 total
» build order
00:13 Farm
00:16 Altar of Kings
00:30 Barracks
00:57 Farm
01:12 Lumber Mill
01:45 Farm
02:30 Farm
04:10 Town Hall
04:30 Blacksmith
05:01 Barracks
05:10 Scout Tower
05:21 Barracks
06:35 Lumber Mill
07:52 Keep
08:12 Farm
08:13 Farm
09:58 Town Hall
» items
| Scroll of Town Portal | 1 | |
| Potion of Healing | 1 | |
| Potion of Mana | 1 | |
| Scroll of Speed | 1 | |
| Healing Salve | 1 | |
5 total
FatNTardedJake (
yellow | 55 APM | 3012 actions | 54:26)
7 Mountain King
3 Storm Bolt
3 Bash
1 Avatar
5 Paladin
3 Holy Light
2 Divine Shield
» actions
| Assign group hotkey | 91 | |
| Basic commands | 236 | |
| Build / train | 109 | |
| Enter build submenu | 52 | |
| Enter hero's abilities submenu | 14 | |
| Give item / drop item | 5 | |
| Right click | 1443 | |
| Select / deselect | 487 | |
| Select group hotkey | 355 | |
| Use ability | 219 | |
3012 total
» units
| Peasant | 12 | |
| Footman | 5 | |
| Goblin Shredder | 3 | |
| Gryphon Rider | 16 | |
| Goblin Sapper | 4 | |
40 total
» upgrades
| Masonry | 3 | |
| Lumber Harvesting | 1 | |
| Storm Hammers | 1 | |
| Swords | 3 | |
| Armor | 3 | |
| Animal War Training | 1 | |
| Cloud | 1 | |
13 total
» buildings
| Altar of Kings | 1 | |
| Barracks | 1 | |
| Farm | 7 | |
| Scout Tower | 28 | |
| Keep | 1 | |
| Lumber Mill | 1 | |
| Town Hall | 2 | |
| Arcane Tower | 1 | |
| Guard Tower | 12 | |
| Castle | 1 | |
| Gryphon Aviary | 4 | |
| Blacksmith | 2 | |
| Arcane Vault | 4 | |
65 total
» build order
00:49 Altar of Kings
00:50 Barracks
00:54 Farm
00:55 Farm
01:04 Farm
01:40 Farm
02:51 Scout Tower
03:28 Keep
03:31 Lumber Mill
04:33 Town Hall
04:36 Scout Tower
04:36 Scout Tower
04:39 Scout Tower
04:45 Arcane Tower
05:03 Guard Tower
05:03 Guard Tower
05:04 Guard Tower
05:06 Guard Tower
05:48 Guard Tower
06:30 Castle
06:51 Farm
08:37 Scout Tower
08:37 Scout Tower
08:38 Scout Tower
08:38 Scout Tower
09:44 Gryphon Aviary
09:44 Gryphon Aviary
09:45 Gryphon Aviary
09:45 Gryphon Aviary
10:55 Blacksmith
10:56 Blacksmith
11:29 Guard Tower
14:27 Arcane Vault
14:30 Arcane Vault
20:58 Scout Tower
20:58 Scout Tower
21:04 Scout Tower
21:04 Scout Tower
21:04 Scout Tower
21:05 Scout Tower
21:26 Guard Tower
26:39 Town Hall
26:43 Scout Tower
26:43 Scout Tower
26:44 Scout Tower
26:44 Scout Tower
26:45 Scout Tower
26:45 Scout Tower
26:48 Scout Tower
26:48 Scout Tower
26:50 Scout Tower
26:50 Scout Tower
26:50 Scout Tower
27:05 Arcane Vault
27:08 Arcane Vault
27:39 Guard Tower
28:00 Guard Tower
30:19 Guard Tower
32:26 Farm
32:27 Farm
» items
| Mechanical Critter | 2 | |
| Scroll of Regeneration | 5 | |
| Scroll of Town Portal | 4 | |
| Boots of Speed | 2 | |
| Staff of Teleportation | 2 | |
| Potion of Healing | 6 | |
| Potion of Mana | 3 | |
| Lesser Clarity Potion | 2 | |
| Periapt of Vitality | 1 | |
27 total
team 2 (winner)
User1 (
teal | 74 APM | 2304 actions | 31:16)
4 Death Knight
2 Death Coil
2 Unholy Aura
5 Crypt Lord
3 Carrion Beetles
2 Spiked Carapace
» actions
| Assign group hotkey | 65 | |
| Basic commands | 237 | |
| Build / train | 111 | |
| Enter build submenu | 22 | |
| Enter hero's abilities submenu | 9 | |
| Remove unit from queue | 2 | |
| Right click | 527 | |
| Select / deselect | 388 | |
| Select group hotkey | 784 | |
| Use ability | 159 | |
2304 total
» units
| Acolyte | 8 | |
| Ghoul | 14 | |
| Crypt Fiend | 15 | |
| Obsidian Statue | 7 | |
| Frost Wyrm | 1 | |
45 total
» upgrades
| Creature Attack | 3 | |
| Creature Carapace | 3 | |
| Web | 1 | |
| Destroyer Form | 1 | |
8 total
» buildings
| Crypt | 1 | |
| Altar of Darkness | 1 | |
| Ziggurat | 8 | |
| Graveyard | 1 | |
| Tomb of Relics | 1 | |
| Necropolis | 1 | |
| Halls of the Dead | 3 | |
| Spirit Tower | 9 | |
| Black Citadel | 2 | |
| Sacrificial Pit | 1 | |
| Slaughterhouse | 2 | |
| Boneyard | 1 | |
31 total
» build order
00:08 Crypt
00:12 Altar of Darkness
00:38 Ziggurat
01:00 Graveyard
01:38 Ziggurat
02:08 Tomb of Relics
04:50 Necropolis
04:54 Ziggurat
04:57 Ziggurat
04:59 Ziggurat
05:28 Halls of the Dead
05:29 Halls of the Dead
05:29 Halls of the Dead
05:53 Spirit Tower
05:53 Spirit Tower
05:58 Spirit Tower
07:08 Spirit Tower
07:45 Ziggurat
08:58 Black Citadel
09:02 Sacrificial Pit
09:54 Slaughterhouse
09:57 Slaughterhouse
10:15 Spirit Tower
10:16 Spirit Tower
11:44 Spirit Tower
11:44 Spirit Tower
15:29 Boneyard
17:51 Ziggurat
17:54 Ziggurat
» items
| Rod of Necromancy | 1 | |
| Sacrificial Skull | 1 | |
| Scroll of Town Portal | 5 | |
| Potion of Healing | 2 | |
| Periapt of Vitality | 1 | |
| Potion of Mana | 1 | |
| Scroll of Healing | 1 | |
12 total

»
24dvcv (
purple | 76 APM | 2416 actions | 31:49)
5 Tauren Chieftain
2 Shockwave
3 Endurance Aura
3 Shadow Hunter
1 Healing Wave
2 Hex
3 Pandaren Brewmaster
2 Breath of Fire
1 Drunken Brawler
» actions
| Assign group hotkey | 50 | |
| Basic commands | 86 | |
| Build / train | 95 | |
| Enter build submenu | 28 | |
| Enter hero's abilities submenu | 12 | |
| Remove unit from queue | 4 | |
| Right click | 458 | |
| Select / deselect | 301 | |
| Select group hotkey | 1299 | |
| Use ability | 83 | |
2416 total
» units
| Peon | 16 | |
| Wind Rider | 19 | |
| Raider | 8 | |
| Tauren | 15 | |
58 total
» upgrades
| Spiked Barricades | 2 | |
| Armor | 2 | |
| Ranged Weapons | 2 | |
| Envenomed Spears | 1 | |
| Ensnare | 1 | |
| Pillage | 1 | |
| Melee Weapons | 1 | |
| Pulverize | 1 | |
11 total
» buildings
| Orc Burrow | 8 | |
| War Mill | 1 | |
| Altar of Storms | 1 | |
| Watch Tower | 12 | |
| Stronghold | 1 | |
| Great Hall | 2 | |
| Voodoo Lounge | 2 | |
| Fortress | 1 | |
| Beastiary | 2 | |
| Tauren Totem | 2 | |
32 total
» build order
00:24 Orc Burrow
00:43 War Mill
00:50 Altar of Storms
01:20 Orc Burrow
02:45 Watch Tower
02:47 Watch Tower
02:51 Watch Tower
03:50 Watch Tower
03:56 Watch Tower
04:02 Watch Tower
04:14 Stronghold
04:59 Watch Tower
05:32 Watch Tower
05:45 Orc Burrow
06:21 Great Hall
06:27 Voodoo Lounge
06:58 Fortress
07:11 Voodoo Lounge
07:16 Orc Burrow
07:44 Beastiary
07:45 Beastiary
08:11 Orc Burrow
09:09 Orc Burrow
11:12 Orc Burrow
12:12 Orc Burrow
17:21 Tauren Totem
17:24 Tauren Totem
21:48 Great Hall
21:52 Watch Tower
21:53 Watch Tower
21:56 Watch Tower
21:57 Watch Tower
» items
| Orb of Lightning | 1 | |
| Scroll of Town Portal | 1 | |
2 total

»
akil_AMMAR (
orange | 46 APM | 1338 actions | 29:07)
4 Tauren Chieftain
2 War Stomp
2 Endurance Aura
5 Far Seer
3 Chain Lighting
2 Feral Spirit
» actions
| Assign group hotkey | 61 | |
| Basic commands | 108 | |
| Build / train | 165 | |
| ESC pressed | 2 | |
| Enter build submenu | 25 | |
| Enter hero's abilities submenu | 9 | |
| Give item / drop item | 2 | |
| Right click | 277 | |
| Select / deselect | 304 | |
| Select group hotkey | 278 | |
| Use ability | 107 | |
1338 total
» units
| Peon | 30 | |
| Troll Headhunter/Berserker | 40 | |
| Demolisher | 4 | |
| Tauren | 35 | |
109 total
» upgrades
| Troll Regeneration | 1 | |
| Ranged Weapons | 3 | |
| Armor | 4 | |
| Berserker Upgrade | 1 | |
| Burning Oil | 2 | |
| Pulverize | 1 | |
12 total
» buildings
| Altar of Storms | 1 | |
| Orc Burrow | 7 | |
| Barracks | 2 | |
| War Mill | 1 | |
| Voodoo Lounge | 1 | |
| Stronghold | 3 | |
| Great Hall | 2 | |
| Watch Tower | 11 | |
| Fortress | 1 | |
| Tauren Totem | 2 | |
31 total
» build order
00:09 Altar of Storms
00:12 Orc Burrow
01:05 Barracks
01:14 War Mill
01:30 Orc Burrow
02:46 Voodoo Lounge
02:57 Orc Burrow
03:53 Stronghold
03:54 Stronghold
03:54 Stronghold
04:48 Great Hall
04:58 Watch Tower
05:00 Watch Tower
05:00 Watch Tower
05:01 Watch Tower
06:01 Orc Burrow
06:19 Fortress
09:39 Orc Burrow
09:41 Orc Burrow
10:55 Barracks
12:03 Tauren Totem
12:11 Watch Tower
12:12 Watch Tower
14:14 Watch Tower
14:17 Watch Tower
14:18 Watch Tower
14:18 Watch Tower
14:19 Watch Tower
14:38 Tauren Totem
17:39 Orc Burrow
20:01 Great Hall
» items
| Orb of Lightning | 2 | |
| Healing Salve | 3 | |
| Lesser Clarity Potion | 4 | |
| Scroll of Town Portal | 6 | |
| Potion of Healing | 1 | |
| Scroll of Speed | 1 | |
17 total
Blcklivsdntmatr (
green | 107 APM | 5833 actions | 54:29)
8 Blademaster
3 Wind Walk
3 Critical Strike
1 Bladestorm
1 Mirror Image
1 Pandaren Brewmaster
1 Drunken Brawler
1 Shadow Hunter
1 Healing Wave
» actions
| Assign group hotkey | 126 | |
| Basic commands | 76 | |
| Build / train | 160 | |
| Enter build submenu | 59 | |
| Enter hero's abilities submenu | 10 | |
| Give item / drop item | 7 | |
| Remove unit from queue | 1 | |
| Right click | 1794 | |
| Select / deselect | 672 | |
| Select group hotkey | 2562 | |
| Use ability | 366 | |
5833 total
» units
| Peon | 17 | |
| Grunt | 5 | |
| Wind Rider | 15 | |
| Goblin Shredder | 3 | |
| Goblin Sapper | 10 | |
| Troll Batrider | 4 | |
| Kodo Beast | 1 | |
| Acolyte | 10 | |
65 total
» upgrades
| Armor | 3 | |
| Berserker Strength | 1 | |
| Pillage | 1 | |
| Melee Weapons | 3 | |
| Ranged Weapons | 3 | |
| Reinforced Defenses | 1 | |
| Envenomed Spears | 1 | |
| Spiked Barricades | 4 | |
| Liquid Fire | 1 | |
| Troll Regeneration | 1 | |
| Backpack | 1 | |
| Ensnare | 1 | |
| Berserker Upgrade | 1 | |
| War Drums Damage Increase | 1 | |
| Burning Oil | 1 | |
24 total
» buildings
| Orc Burrow | 9 | |
| Altar of Storms | 1 | |
| Barracks | 1 | |
| Voodoo Lounge | 2 | |
| War Mill | 1 | |
| Stronghold | 4 | |
| Great Hall | 4 | |
| Watch Tower | 28 | |
| Beastiary | 4 | |
| Fortress | 2 | |
| Necropolis | 9 | |
65 total
» build order
00:22 Orc Burrow
01:15 Altar of Storms
01:21 Barracks
01:36 Orc Burrow
02:06 Voodoo Lounge
02:25 Orc Burrow
04:25 War Mill
05:12 Stronghold
05:47 Great Hall
05:50 Watch Tower
05:50 Watch Tower
06:36 Watch Tower
06:39 Watch Tower
07:42 Beastiary
07:44 Beastiary
07:48 Watch Tower
07:52 Watch Tower
08:27 Fortress
08:27 Fortress
08:43 Beastiary
09:47 Watch Tower
09:49 Watch Tower
10:59 Orc Burrow
12:58 Watch Tower
12:59 Watch Tower
13:00 Watch Tower
13:01 Watch Tower
13:02 Watch Tower
13:03 Watch Tower
13:05 Watch Tower
13:06 Watch Tower
13:08 Watch Tower
13:08 Watch Tower
14:27 Beastiary
15:00 Watch Tower
15:02 Watch Tower
16:02 Orc Burrow
16:03 Orc Burrow
16:08 Orc Burrow
16:10 Orc Burrow
17:31 Voodoo Lounge
20:52 Orc Burrow
24:45 Watch Tower
37:37 Great Hall
37:47 Great Hall
39:01 Watch Tower
40:42 Great Hall
41:11 Watch Tower
41:18 Watch Tower
41:21 Watch Tower
41:24 Watch Tower
42:26 Watch Tower
42:41 Watch Tower
44:07 Stronghold
44:07 Stronghold
49:43 Necropolis
49:44 Necropolis
49:47 Necropolis
49:53 Necropolis
49:54 Necropolis
49:58 Necropolis
50:03 Necropolis
50:06 Necropolis
50:15 Necropolis
» items
| Healing Salve | 6 | |
| Boots of Speed | 2 | |
| Lesser Clarity Potion | 10 | |
| Potion of Mana | 3 | |
| Orb of Lightning | 2 | |
| Potion of Lesser Invulnerability | 1 | |
| Scroll of Town Portal | 3 | |
27 total
Chat log
(00:19 / Allies) User1: they have 3 human, 1 orc
(00:27 / Allies) User1: expect siege, casters, and strong melee
(00:55 / Allies) User1: this map is all about protecting expansions so tower them up and raid on theirs
(01:45 / Allies) User1: fiend, frost/dest
(01:47 / Allies) User1: units?
(01:49 / Allies) akil_AMMAR: hh
(01:51 / Allies) akil_AMMAR: casters
(01:53 / Allies) akil_AMMAR: taus
(02:05 / All) akil_AMMAR: Happy valentine
(02:13 / All) FatNTardedJake: will you be me valentine
(02:15 / All) warNpeace: noe perpa to die
(02:17 / All) akil_AMMAR: no sorry
(02:22 / All) FatNTardedJake: why not
(02:24 / All) FatNTardedJake: im gay
(02:29 / Allies) User1: ohhh, shit i just noticed we have 3 orc
(02:30 / All) FatNTardedJake: i live in tulare california
(02:34 / All) FatNTardedJake: my name is jacob campbell
(02:39 / All) FatNTardedJake: i will suck your dick for free
(05:40 / Allies) User1: gj expanding
(05:48 / Allies) User1: i like the agression
(06:29 / Allies) akil_AMMAR: go
(08:27 / Allies) User1: towers
(09:15 / Allies) akil_AMMAR: pala
(11:10 / Allies) User1: tanks would be coming soon, i'd assume
(11:14 / Allies) User1: do we have any anti-siege?
(11:33 / All) warNpeace: u got on baallls
(12:17 / Allies) akil_AMMAR: puro
(12:19 / Allies) akil_AMMAR: `purp
(12:44 / Allies) akil_AMMAR: gg?
(12:49 / Allies) User1: nah
(13:47 / Allies) akil_AMMAR: fight
(14:27 / Allies) akil_AMMAR: expos?
(15:18 / Allies) akil_AMMAR: fight teal
(15:21 / Allies) User1: no melee with 3 orc?
(15:45 / All) FatNTardedJake: fuck
(15:56 / Allies) akil_AMMAR: go expo
(15:58 / Allies) User1: grabbing tp
(16:45 / Allies) User1: b
(16:46 / Allies) User1: b
(17:08 / Allies) akil_AMMAR: wood me
(17:11 / Allies) akil_AMMAR: i had mele now
(17:30 / Allies) akil_AMMAR: leave expos
(17:51 / Allies) akil_AMMAR: leave expos
(17:52 / Allies) akil_AMMAR: no tp
(17:59 / All) Blcklivsdntmatr: Fcking flying machines]
(18:08 / Allies) akil_AMMAR: no tp
(18:12 / Allies) akil_AMMAR: tp to green
(18:28 / Allies) User1: tp to green?
(18:34 / Allies) akil_AMMAR: yes
(18:35 / Allies) User1: say it
(18:42 / Allies) akil_AMMAR: i tp now
(19:46 / All) FatNTardedJake: teal hero barely survived
(19:50 / All) FatNTardedJake: I couldn't get close to hit it
(19:59 / All) Blcklivsdntmatr: My heo survive with 20 hp lokl]
(20:10 / All) User1: hah, mine too
(20:58 / Allies) akil_AMMAR: expos or hit?
(21:04 / Allies) User1: mmmm
(21:04 / Allies) User1: hit
(21:09 / Allies) akil_AMMAR: ok
(21:12 / Allies) Blcklivsdntmatr: Hit top right]
(21:14 / Allies) akil_AMMAR: gold
(21:16 / Allies) akil_AMMAR: for more mele
(21:34 / Allies) akil_AMMAR: gold for mele
(22:02 / Allies) akil_AMMAR: more
(22:31 / Allies) User1: ud can not siege worth a damn
(23:09 / Allies) akil_AMMAR: no back
(23:11 / Allies) akil_AMMAR: fight !!
(23:31 / Allies) akil_AMMAR: +
(23:32 / Allies) akil_AMMAR: palas
(23:52 / All) Blcklivsdntmatr: damn wasn't watching my b
(23:54 / All) Blcklivsdntmatr: m
(24:02 / All) Blcklivsdntmatr: Thought I used an invul pot
(24:29 / Allies) akil_AMMAR: palas first
(24:54 / Allies) akil_AMMAR: gold me greeen
(24:55 / Allies) akil_AMMAR: i can use
(25:05 / Allies) akil_AMMAR: green
(25:06 / Allies) akil_AMMAR: gold me
(25:10 / Allies) User1: i need gold too
(25:14 / Allies) akil_AMMAR: more
(25:16 / Allies) akil_AMMAR: bro u had
(25:20 / Allies) akil_AMMAR: 5000
(25:26 / Allies) User1: what the hell.
(25:32 / Allies) Blcklivsdntmatr: I don't want to give it all away
(25:37 / Allies) Blcklivsdntmatr: what do I look like to you, a bank?\
(25:54 / Allies) Blcklivsdntmatr: I don't want to hand out extreme loans
(25:56 / Allies) User1: that's pro right there
(25:59 / Allies) Blcklivsdntmatr: when I doubt it could be paid back
(26:05 / Allies) User1: green is pro
(26:06 / Allies) User1: he gets it
(26:17 / Allies) akil_AMMAR: plz bro
(26:19 / Allies) akil_AMMAR: gold
(26:19 / Allies) akil_AMMAR: me
(26:21 / Allies) akil_AMMAR: i can use
(26:23 / Allies) akil_AMMAR: taurens
(26:24 / Allies) User1: i'd love to watch us lose this now
(26:26 / Allies) Blcklivsdntmatr: fine
(26:46 / Allies) User1: lol
(26:57 / Allies) akil_AMMAR: stoped
(26:58 / Allies) akil_AMMAR: plz
(27:00 / Allies) Blcklivsdntmatr: gave you 900 and still whining?
(27:03 / Allies) User1: it's funny, because we saved his mine and not yours
(27:14 / Allies) User1: so now he has a savior complex
(27:15 / All) Blcklivsdntmatr: I gave teal and orange gold
(27:21 / All) Blcklivsdntmatr: and they just whine it isn't enough
(27:24 / All) Blcklivsdntmatr: ungrateful twats
(27:27 / Allies) User1: even though we saved his ass and that's why he has all the gold
(27:33 / Allies) User1: he's being ironic
(27:50 / Allies) akil_AMMAR: gold me i can use
(27:52 / Allies) akil_AMMAR: green
(27:53 / Allies) akil_AMMAR: plz
(28:01 / Allies) User1: don't be an ungrateful twat, orange
(29:02 / Allies) User1: b
(29:06 / Allies) akil_AMMAR: gg
(29:36 / All) Blcklivsdntmatr: Oh shit level 3 bolt
(29:47 / All) Blcklivsdntmatr: I clicked the invul pot lol
(29:52 / All) Blcklivsdntmatr: but bnet latency is fucking gay]
(30:05 / All) User1: green, you know that you lost us this game, right?
(30:08 / All) Blcklivsdntmatr: it's fucking retarded how much built in latency there is
(30:35 / All) User1: he's still at 3.7k, 65 food
(30:42 / All) User1: and he doesn't want to hand it out because he's not a bank
(30:54 / All) User1: can't believe guys this bad still play the game
(30:58 / All) Blcklivsdntmatr: FIendbot bitch who orders his allies around
(31:02 / All) Blcklivsdntmatr: and thinks he is better than he is
(31:04 / All) User1: like, you'd think you'd understand the game better after playing for so long
(31:08 / All) Blcklivsdntmatr: but doesn't even realise what's up
(31:11 / All) User1: oh, now he's tking
(31:14 / All) Blcklivsdntmatr: I intentionally did not help my team
(31:18 / All) Blcklivsdntmatr: you are too daft to realise why]
(32:27 / All) Blcklivsdntmatr: I would not have any hero deaths if this game had fair latency
(32:37 / All) Blcklivsdntmatr: I think all my deaths are from stuff not registering fast enough when I click it
(39:19 / All) FatNTardedJake: AND I DONT GIVE A DAMN ABOUT MY DAMN REPUTATION
(41:10 / All) FatNTardedJake: FOR BULMA
(41:13 / All) FatNTardedJake: FOR VIDEL
(41:19 / All) FatNTardedJake: MY TRUE VALENTINES
(42:13 / All) FatNTardedJake: I LOVE BULMA
(42:20 / All) FatNTardedJake: FOR MIRANDA LAWSON
(43:09 / All) FatNTardedJake: miranda lawson is my girlfriend
(43:14 / All) FatNTardedJake: what do you think about that jealous losers?
(45:51 / All) FatNTardedJake: STOP RUNNING YOULL ONLY END UP WITH THE DICK UP YOUR ASS
(46:38 / All) FatNTardedJake: CHARLIE BROWN
(47:11 / All) FatNTardedJake: CHARLIE BROWN
(47:16 / All) FatNTardedJake: WATCH OUT CHARLIE BROWN
(47:42 / All) hongmylaoto: punkass ...fat
(47:53 / All) FatNTardedJake: If you got something to say
(47:55 / All) FatNTardedJake: say it to my face
(47:59 / All) FatNTardedJake: Jacob Campbell
(48:04 / All) FatNTardedJake: Look me up in Tulare California
(48:07 / All) hongmylaoto: say to your punkass
(48:13 / All) FatNTardedJake: If you're coming on then come on
(48:14 / All) hongmylaoto: shit face
(48:15 / All) FatNTardedJake: Chink
(48:39 / All) hongmylaoto: we couldhave won the game
(48:45 / All) FatNTardedJake: BIG DEAL
(48:49 / All) FatNTardedJake: they could have won too
(48:50 / All) Blcklivsdntmatr: 505-518 tryhard chink
(48:52 / All) hongmylaoto: motherfucker punmkass
(48:55 / All) Blcklivsdntmatr: 508-519 now
(48:58 / All) FatNTardedJake: SAY IT TO MY FACE
(49:07 / All) FatNTardedJake: JACOB CAMPBELL TULARE CALIFORNIA
(49:10 / All) FatNTardedJake: LETS FIGHT BITCH
(53:05 / All) FatNTardedJake: anything to say for oyurself pink
(53:56 / All) FatNTardedJake: anything to say for oyurself pink?
(54:10 / All) FatNTardedJake: that tower's going down!
(54:18 / All) Blcklivsdntmatr: this is like acustom map
(54:23 / All) FatNTardedJake: lawl